 Dungeon Crawl Stone Soup version 0.23.2-33-g5129a83184 (webtiles) character file.

Game seed: 6342878243717977455

1830 TrebMcFLY the Chopper (level 8, -9/70 HPs)
             Began as a Minotaur Fighter on July 18, 2019.
             Was a Priest of Okawaru.
             Killed from afar by an electric eel (11 damage)
             ... with a bolt of electricity
             ... on level 6 of the Dungeon.
             The game lasted 00:11:23 (5738 turns).

TrebMcFLY the Chopper (Minotaur Fighter)            Turns: 5738, Time: 00:11:24

Health: -9/70      AC:  9    Str: 22    XL:     8   Next: 86%
Magic:  16/18      EV: 14    Int:  5    God:    Okawaru [***...]
Gold:   221        SH: 12    Dex: 11    Spells: 7/7 levels left

rFire    . . .     SeeInvis +   D - +4 war axe (curse)
rCold    + . .     Gourm    .   c - +0 shield
rNeg     . . .     Faith    .   v - +2 ring mail {rC+}
rPois    .         Spirit   .   (helmet restricted)
rElec    .         Reflect  .   (no cloak)
rCorr    .         Harm     .   (no gloves)
MR       .....                  (no boots)
Stlth    ++........             (no amulet)
HPRegen  0.21/turn              h - ring of see invisible
MPRegen  0.16/turn              q - ring of magical power

@: heroism
A: retaliatory headbutt, horns 2
a: Heroism, Renounce Religion


You were on level 6 of the Dungeon.
You worshipped Okawaru.
Okawaru was most pleased with you.
You were hungry.

You visited 1 branch of the dungeon, and saw 6 of its levels.

You collected 263 gold pieces.
You spent 42 gold pieces at shops.

Inventory:

Hand Weapons
 a - a +0 war axe
 D - a cursed +4 war axe (weapon)
Armour
 b - a +0 scale mail
 c - a +0 shield (worn)
 u - a +0 plate armour
 v - a +2 ring mail of cold resistance (worn)
Jewellery
 h - a ring of see invisible (left hand)
 q - a ring of magical power (right hand)
 C - an uncursed ring of positive energy {unknown}
Wands
 r - a wand of digging (8)
 t - a wand of enslavement (9)
 y - a wand of iceblast (11)
 F - a wand of random effects (12)
Scrolls
 e - a scroll of noise {unknown}
 j - 5 scrolls of identify {unknown}
 k - a scroll of enchant armour {unknown}
 l - a scroll of blinking {unknown}
 m - 2 scrolls of teleportation {unknown}
 n - 3 scrolls of remove curse {unknown}
 o - 4 scrolls of enchant weapon {unknown}
 B - a scroll of fog {unknown}
Potions
 d - 4 potions of might
 g - a potion of ambrosia {unknown}
 i - 5 potions of curing
 p - a potion of magic {unknown}
 s - a potion of mutation {unknown}
 w - a potion of agility {unknown}
 x - a potion of berserk rage {unknown}
 z - a potion of haste {unknown}
 A - a potion of degeneration {unknown}
Comestibles
 f - 9 rations


   Skills:
 + Level 6.0(11.0) Fighting
 * Level 7.5(12.5) Axes
 + Level 6.2(11.2) Armour
 + Level 4.2(9.2) Dodging
 + Level 6.0(11.0) Shields
 + Level 3.6 Invocations
 + Level 3.0 Evocations


You had 7 spell levels left.
You didn't know any spells.
Your spell library contained the following spells:

 Spells                   Type           Power        Failure   Level  Hunger
 Beastly Appendage        Tmut           #.....       78%         1    ##.....
 Sticks to Snakes         Tmut           #.......     89%         2    ###....
 Spider Form              Tmut/Pois      #.........   98%         3    ####...
 Ice Form                 Ice/Tmut       #.......     100%        4    #####..
 Blade Hands              Tmut           #.........   100%        5    ######.


Dungeon Overview and Level Annotations

Branches:
Dungeon (6/15)             Temple (0/1) D:5

Altars:
Ashenzari
Cheibriados
Dithmenos
Gozag
Nemelex Xobeh
Okawaru
Ru
Trog
Vehumet

Shops:
D:5 !


Innate Abilities, Weirdness & Mutations

You reflexively headbutt those who attack you in melee.
You have a pair of horns on your head.


Message History

The electric eel shoots out a bolt of lightning at you!
The bolt of electricity hits you.
The bolt of electricity hits the plant!
The electric eel shoots out a bolt of lightning at you!
The bolt of electricity hits you.
* * * LOW HITPOINT WARNING * * *
The bolt of electricity hits you!
* * * LOW HITPOINT WARNING * * *
The electric eel shoots out a bolt of lightning at you!
The bolt of electricity hits you.
* * * LOW HITPOINT WARNING * * *
The bolt of electricity hits you.
* * * LOW HITPOINT WARNING * * *
You gain the combat prowess of a mighty hero.
You feel better.
The electric eel shoots out a bolt of lightning at you!
The bolt of electricity misses you. The bolt of electricity hits you!
* * * LOW HITPOINT WARNING * * *
The electric eel shoots out a bolt of lightning at you!
The bolt of electricity hits you!
You die...

#.# ##≈≈.....###≈≈
#.##.Po≈≈ #####'####≈≈≈
#.#...≈o≈ #..##≈≈≈≈≈
#.#P.≈≈≈≈ ##''###≈≈≈≈
#.#.PP≈≈### #....###≈≈≈
#.#....≈≈≈ #...)# #≈≈≈
#.#....≈≈ #....# ##≈≈
###)#PP..;######....######
#[.<##.P.@≈≈≈≈#)####.#≈≈≈≈
###.###....≈≈≈≈## ##≈≈≈≈≈
#...# ##P.P.≈### ###≈≈≈
#...######################
#..........<.[.)..........
###.....#....#############
#.#####....# ### ######


You could see an orc warrior, an electric eel and an orc.

Vanquished Creatures
  Grinder (D:5)
  A hornet (D:6)
  Sigmund (D:6)
  A phantom (D:6)
  A necrophage (D:4)
  A sky beast (D:6)
  An ogre (D:6)
  A bullfrog (D:3)
  A howler monkey (D:4)
  An electric eel (D:6)
  4 wights (D:6)
  3 crimson imps
  A jelly (D:5)
  A centaur zombie (D:5)
  An orc priest (D:5)
  2 orc wizards
  An iguana (D:5)
  4 worker ants
  4 gnolls (D:2)
  7 adders
  A shadow imp (D:6)
  An ooze (D:3)
  2 worms
  6 dart slugs
  6 leopard geckos
  15 orcs
  8 giant cockroaches
  5 goblins
  7 hobgoblins
  8 jackals
  11 kobolds
  2 quokkas
  7 bats
  A frilled lizard (D:2)
  A leopard gecko zombie (D:5)
  A quokka skeleton (D:5)
  10 rats
130 creatures vanquished.

Notes
Turn   | Place    | Note
-------+----------+-------------------------------------------
     0 | D:1      | TrebMcFLY the Minotaur Fighter began the quest for the Orb.
     0 | D:1      | Reached XP level 1. HP: 19/19 MP: 0/0
   214 | D:1      | Reached XP level 2. HP: 27/27 MP: 1/1
   216 | D:1      | Found a shattered altar of Ashenzari.
   547 | D:1      | Reached skill level 3 in Axes
   570 | D:2      | Found an iron altar of Okawaru.
   578 | D:2      | Became a worshipper of Warmaster Okawaru
   632 | D:2      | Reached skill level 1 in Dodging
   632 | D:2      | Reached XP level 3. HP: 29/33 MP: 2/2
   991 | D:2      | Reached XP level 4. HP: 31/40 MP: 3/3
  1289 | D:2      | Found an opulent altar of Gozag.
  1394 | D:3      | Noticed a bullfrog
  1404 | D:3      | Killed a bullfrog
  1404 | D:3      | Reached * piety under Okawaru
  1404 | D:3      | Reached skill level 4 in Axes
  1404 | D:3      | Reached skill level 1 in Invocations
  1404 | D:3      | Reached XP level 5. HP: 43/47 MP: 4/4
  1587 | D:3      | Found a shadowy altar of Dithmenos.
  1805 | D:3      | Found a radiant altar of Vehumet.
  2443 | D:3      | Found a snail-covered altar of Cheibriados.
  2443 | D:3      | Found a sacrificial altar of Ru.
  2533 | D:4      | Reached XP level 6. HP: 40/53 MP: 6/6
  2549 | D:4      | Reached skill level 1 in Evocations
  3050 | D:5      | Entered Level 5 of the Dungeon
  3085 | D:5      | Reached skill level 5 in Axes
  3190 | D:5      | Found Uxelev's Distillery.
  3194 | D:5      | Bought a potion of curing for 42 gold pieces
  3298 | D:5      | Noticed Grinder
  3303 | D:5      | Paralysed by Grinder for 2 turns
  3315 | D:5      | Paralysed by Grinder for 2 turns
  3318 | D:5      | Killed Grinder
  3318 | D:5      | Reached ** piety under Okawaru
  3318 | D:5      | Reached skill level 5 in Fighting
  3318 | D:5      | Reached skill level 5 in Armour
  3318 | D:5      | Reached XP level 7. HP: 46/60 MP: 7/7
  3361 | D:5      | Reached skill level 5 in Shields
  3564 | D:5      | Found a staircase to the Ecumenical Temple.
  3938 | D:5      | Reached skill level 6 in Axes
  4058 | D:6      | Reached XP level 8. HP: 32/68 MP: 9/9
  4410 | D:6      | Found a sparkling altar of Nemelex Xobeh.
  4676 | D:6      | Found a bloodstained altar of Trog.
  4691 | D:6      | Noticed a hornet
  4695 | D:6      | Paralysed by a hornet for 2 turns
  4699 | D:6      | Killed a hornet
  4699 | D:6      | Reached *** piety under Okawaru
  4699 | D:6      | Reached skill level 7 in Axes
  5423 | D:6      | Noticed Sigmund
  5429 | D:6      | Killed Sigmund
  5735 | D:6      | HP: 2/69 [electric eel/bolt of electricity (4)]
  5738 | D:6      | Killed from afar by an electric eel

Skill      XL: |  1  2  3  4  5  6  7  8 |
---------------+-------------------------+-----
Axes           | 3 4 5 6 7 |  7.5
Fighting       | 4 5 6 |  6.0
Dodging        | 1 2 3 4 |  4.2
Armour         | 4 5 6 |  6.2
Shields        | 4 5 6 |  6.0
Invocations    | 1 2 3 |  3.6
Evocations     | 1 2 3 |  3.0

Action                   |  1- 3 |  4- 6 |  7- 9 || total
-------------------------+-------+-------+-------++-------
Melee: War axe           |   109 |   151 |   117 ||   377
       Headbutt          |    10 |    28 |    21 ||    59
Invok: Heroism           |       |     1 |     4 ||     5
  Use: Potion            |       |       |     1 ||     1
  Eat: Chunk             |     1 |     7 |     7 ||    15
Armor: Scale mail        |    67 |    22 |       ||    89
       Ring mail         |       |    32 |    41 ||    73
Dodge: Dodged            |    47 |    42 |    40 ||   129
Block: Shield            |    83 |    63 |    59 ||   205
